 Dungeon Crawl Stone Soup version 0.16.2-12-gd0ad4c3 (webtiles) character file.

290 Peloso the Skirmisher (level 6, 0/56 HPs)
             Began as a Minotaur Fighter on Oct 13, 2015.
             Slain by a water moccasin (4 damage)
             ... on level 5 of the Dungeon.
             The game lasted 00:09:30 (2662 turns).

Peloso the Skirmisher (Minotaur Fighter)            Turns: 2662, Time: 00:09:30

Health: 0/56       AC: 12    Str: 22    XL:     6   Next: 9%
Magic:  3/3        EV:  5    Int:  5    God:
Gold:   180        SH: 10    Dex: 10    Spells: 0 memorised, 5 levels left

rFire  . . .     SeeInvis .     a - +1 long sword
rCold  . . .     Clarity  .     i - +0 plate armour
rNeg   . . .     SustAb   .     c - +0 shield
rPois  .         Gourm    .     (helmet restricted)
rElec  .         Spirit   .     (no cloak)
rCorr  .         Warding  .     (no gloves)
rMut   .         Stasis   .     (no boots)
MR     .....                    k - amulet of regeneration
Stlth  ..........               (no ring)
                                (no ring)

@: lethally poisoned (0 -> 0), not resistant to hostile enchantments, extremely
unstealthy
A: retaliatory headbutt, horns 2
a: no special abilities


You were on level 5 of the Dungeon.
You were hungry.

You visited 1 branch of the dungeon, and saw 5 of its levels.

You collected 180 gold pieces.

Inventory:

Hand weapons
 a - a +1 long sword (weapon)
 g - a +1 whip of electrocution
Armour
 b - a +0 scale mail
 c - a +0 shield (worn)
 i - a +0 plate armour (worn)
Jewellery
 h - an uncursed amulet of resist corrosion
 k - an amulet of regeneration (around neck)
Magical devices
 o - a wand of slowing (29)
Scrolls
 j - 3 scrolls of remove curse
 m - a scroll of fear {unknown}
 n - 2 scrolls of recharging {unknown}
 r - a scroll of amnesia {unknown}
 s - a scroll of identify
 t - a scroll of enchant armour {unknown}
Potions
 e - a potion of might
 f - 2 potions of haste
 p - a potion of brilliance
 q - 4 potions of curing
 v - a potion of cancellation {unknown}
Books
 w - Sif Muna's Tome of the Destructive Arsonist
   (You found it on level 5 of the Dungeon)

   Spells                             Type                      Level
   a - Flame Tongue                   Conjuration/Fire             1
   b - Bolt of Magma                  Conjuration/Fire/Earth       5
   c - Fireball                       Conjuration/Fire             5
   d - Ignite Poison                  Fire/Transmutation           5
Comestibles
 d - 3 bread rations
 l - a meat ration
 u - 2 chunks of flesh


   Skills:
 + Level 5.2 Fighting
 + Level 3.4 Long Blades
 + Level 4.8 Armour
 + Level 2.5 Dodging
 + Level 5.1 Shields


You had 5 spell levels left.
You didn't know any spells.

Dungeon Overview and Level Annotations

Branches:
Dungeon (5/15)
 Temple: D:4-7

Altars:
Cheibriados
Makhleb
The Shining One

Shops:
D:4 *


Innate Abilities, Weirdness & Mutations

You reflexively headbutt those who attack you in melee.
You have a pair of horns on your head.


Message History

The water moccasin is severely wounded.
The water moccasin bites you but does no damage. x2
You hit the water moccasin.
The water moccasin is severely wounded.
You feel sick.
The water moccasin bites you but does no damage. x2
You hit the water moccasin but do no damage.
The water moccasin is severely wounded.
You feel sick. You block the water moccasin's attack.
The water moccasin bites you.
* * * LOW HITPOINT WARNING * * *
You miss the water moccasin.
The water moccasin is severely wounded.
The water moccasin bites you but does no damage.
You closely miss the water moccasin.
The water moccasin is severely wounded.
You feel sick. The water moccasin bites you.
* * * LOW HITPOINT WARNING * * *
The water moccasin bites you.
You die...

###.....### ##...
#.........# ##.#
#.###.###.# #.#
#.# #.# # #.# #.#
#.. ##+# #.# ####
##... #.# ##....
#.#####...#
##.....
#.@S......#
#......
.<...............
+......
.#########....#
#...... #.##
##...). # ##....
##... ##(# #.#
#.#


You could see a water moccasin.

Vanquished Creatures
  A centaur (D:5)
  A worker ant (D:5)
  7 adders
  A giant mite (D:3)
  A worm (D:2)
  2 giant geckos (D:2)
  11 orcs
  A ball python (D:2)
  4 bats
  20 hobgoblins
  8 kobolds
  2 quokkas
  6 giant cockroaches
  9 giant newts
  12 goblins
  5 rats
91 creatures vanquished.

Notes
Turn   | Place    | Note
--------------------------------------------------------------
     0 | D:1      | Peloso, the Minotaur Fighter, began the quest for the Orb.
     0 | D:1      | Reached XP level 1. HP: 19/19 MP: 1/1
   278 | D:1      | Reached XP level 2. HP: 27/27 MP: 1/1
   561 | D:1      | Reached skill level 4 in Fighting
   701 | D:2      | Reached XP level 3. HP: 33/33 MP: 2/2
   970 | D:2      | Reached XP level 4. HP: 36/41 MP: 2/2
  1160 | D:3      | Reached skill level 1 in Dodging
  1871 | D:4      | Reached XP level 5. HP: 47/47 MP: 2/2
  2089 | D:4      | Found a glowing golden altar of the Shining One.
  2106 | D:4      | Found a snail-covered altar of Cheibriados.
  2167 | D:4      | Found Uliapac's Assorted Antiques.
  2398 | D:5      | Entered Level 5 of the Dungeon
  2444 | D:5      | Reached skill level 5 in Fighting
  2488 | D:5      | Identified Sif Muna's Tome of the Destructive Arsonist
  2551 | D:5      | Noticed a centaur
  2566 | D:5      | Killed a centaur
  2566 | D:5      | Reached skill level 5 in Shields
  2566 | D:5      | Reached XP level 6. HP: 45/56 MP: 3/3
  2570 | D:5      | Found a burning altar of Makhleb.
  2638 | D:5      | Noticed a water moccasin
  2662 | D:5      | Slain by a water moccasin

Action                   |  1- 3 |  4- 6 || total
-------------------------+-------+-------++-------
Melee: Long sword        |    88 |   169 ||   257
  Use: Scroll            |       |     6 ||     6
  Eat: Chunk             |       |     4 ||     4
       Royal jelly       |       |     1 ||     1
